 Dungeon Crawl Stone Soup version 0.22-a0-587-g7d32d7c (webtiles) character file.

25 iamserjio the Chopper (level 3, 0/37 HPs)
             Began as a Halfling Berserker on July 4, 2018.
             Was a Follower of Trog.
             Slain by a jackal (1 damage)
             ... on level 2 of the Dungeon.
             The game lasted 00:01:35 (189 turns).

iamserjio the Chopper (Halfling Berserker)           Turns: 189, Time: 00:01:35

Health: 0/37       AC:  2    Str: 24    XL:     3   Next: 17%
Magic:  3/3        EV: 15    Int:  5    God:    Trog [*.....]
Gold:   42         SH:  0    Dex: 13    Spells: 2/2 levels left

rFire    . . .     SeeInvis .   a - +0 hand axe
rCold    . . .     Gourm    .   (shield restricted)
rNeg     . . .     Faith    .   b - +0 animal skin
rPois    .         Spirit   .   (no helmet)
rElec    .         Reflect  .   (no cloak)
rCorr    .         Harm     .   (no gloves)
MR       .....                  (no boots)
Stlth    ..........             (no amulet)
HPRegen  0.12/turn              (no ring)
MPRegen  0.08/turn              (no ring)

@: berserking, very quick
A: small, mutation resistance 1
a: Berserk, Renounce Religion


You were on level 2 of the Dungeon.
You worshipped Trog.
Trog was aware of your devotion.
You were not hungry.

You visited 1 branch of the dungeon, and saw 2 of its levels.

You collected 42 gold pieces.

Inventory:

Hand Weapons
 a - a +0 hand axe (weapon)
Armour
 b - a +0 animal skin (worn)
Scrolls
 d - a scroll of remove curse {unknown}
Potions
 e - a potion of degeneration {unknown}
Comestibles
 c - a ration


   Skills:
 + Level 2.9 Fighting
 * Level 3.3 Axes
 * Level 2.8 Armour
 + Level 2.4 Dodging


You had 2 spell levels left.
You didn't know any spells.
Your spell library was empty.

Dungeon Overview and Level Annotations

Branches:
Dungeon (2/15)

Altars:


Innate Abilities, Weirdness & Mutations

You are small and have problems with some larger weapons.
You are somewhat resistant to further mutation.


Message History

You closely miss the jackal. You hit the jackal but do no damage.
The jackal misses you. The jackal bites you.
A kobold comes into view.
The jackal bites you.
* * * LOW HITPOINT WARNING * * *
You barely miss the jackal. You closely miss the jackal.
The kobold shouts!
The jackal bites you.
* * * LOW HITPOINT WARNING * * *
The jackal barely misses you. The jackal closely misses you.
You barely miss the jackal. You hit the jackal but do no damage.
The jackal closely misses you. The jackal bites you.
* * * LOW HITPOINT WARNING * * *
The jackal bites you.
* * * LOW HITPOINT WARNING * * *
A red film seems to cover your vision as you go berserk!
You feel yourself moving faster!
You feel mighty!
You feel a lot more hungry.
The jackal bites you but does no damage.
The jackal misses you. The jackal bites you.
You die...

.... ### ....
#.. ..... #.#
..... #.# +##
......#.# ...##
......#<##......
......†h@hh.....
>#.###.##.K....
#<)# ##...
+.....# .
#.##..# # #..#
#..# #... #..#


You could see 3 jackals and a kobold.

Vanquished Creatures
  An ooze (D:1)
  A leopard gecko (D:1)
  A giant cockroach (D:1)
  3 hobgoblins (D:1)
  A jackal (D:2)
  4 bats
  A frilled lizard (D:2)
  4 goblins
  2 kobolds (D:1)
  A rat (D:1)
19 creatures vanquished.

Notes
Turn   | Place    | Note
-------+----------+-------------------------------------------
     0 | D:1      | iamserjio the Halfling Berserker began the quest for the Orb.
     0 | D:1      | Reached XP level 1. HP: 15/15 MP: 1/1
    45 | D:1      | Reached XP level 2. HP: 17/20 MP: 2/2
   142 | D:1      | Reached XP level 3. HP: 19/25 MP: 3/3
   188 | D:2      | HP: 1/25 [jackal (3)]
   189 | D:2      | Slain by a jackal

Vault maps used:
D:1:      sevenhm_arrival_forest_fort_small_6, minmay_misc_feat_diagonals
D:2:      cheibrodos_pilgrimage, minmay_pentomino_q2

Action                   || total
-------------------------++-------
Melee: Hand axe          ||    54
Invok: Berserk           ||     2
Armor: Animal skin       ||    11
Dodge: Dodged            ||    71

Table legend:
 A = Spawn XP
 B = Non-spawn XP
 C = Spawn XP percentage of total XP
 D = Spawn monster count
 E = Non-spawn monster count
 F = Spawn count percentage of total count
 G = Total turns spent on level
                    A         B        C        D         E        F      G
               +---------+---------+-------+---------+---------+-------+---------
         Total |       0 |      36 |   0.0 |       0 |      19 |   0.0 |   189
               +---------+---------+-------+---------+---------+-------+---------
           D:1 |       0 |      30 |   0.0 |       0 |      15 |   0.0 |   169
           D:2 |       0 |       6 |   0.0 |       0 |       4 |   0.0 |    20
               +---------+---------+-------+---------+---------+-------+---------
